PL
CHAMPAIGN CORKSCREWS @ GRAFTON MIDDIES
04/17/2020
 
TOP OF THE 1ST
Champaign Corkscrews batting - Pitching for Grafton Middies : RHP Luis Mata
Pitching: RHP Luis Mata
Batting: RHB Yoshio Matsuo 0-0: Called Strike
0-1: Foul Ball, location: 2F
0-2: SINGLE (Groundball, 56D)
Batting: RHB Karl Schultz 0-0: Called Strike
0-1: SINGLE (Line Drive, 8LS)
Yoshio Matsuo to second
Batting: LHB Tony Dyer 0-0: SINGLE (Groundball, 4MD)
Yoshio Matsuo to third
Karl Schultz to second
Batting: RHB Robbie Roach 0-0: Ball
1-0: Ball
2-0: Ball
3-0: Called Strike
3-1: Base on Balls
Yoshio Matsuo scores
Karl Schultz to third
Tony Dyer to second
Batting: RHB Jake Collins 0-0: SINGLE (Line Drive, 78M)
Karl Schultz scores
Tony Dyer to third
Robbie Roach to second
Runner from 3rd tries for Home, throw and OUT!
Batting: RHB Taikan Miura 0-0: Ball
1-0: Ball
2-0: Called Strike
2-1: Called Strike
2-2: Foul Ball, location: 2F
2-2: Ground out 5-3 (Groundball, 5S)
Robbie Roach to third
Jake Collins to second
Batting: RHB Chi-ju Zhang 0-0: Ball
1-0: Ball
2-0: DOUBLE (Line Drive, 7LM)
Robbie Roach scores
Jake Collins scores
Batting: RHB Paul Houston 0-0: Ball
1-0: Ball
2-0: Fly out, F8 (Flyball, 8RM)
Top of the 1st over - 4 run(s), 5 hit(s), 0 error(s), 1 left on base; Champaign 4 - Grafton 0
BOTTOM OF THE 1ST
Grafton Middies batting - Pitching for Champaign Corkscrews : RHP Adrián Fierro
Pitching: RHP Adrián Fierro
Batting: RHB Raúl Robles 0-0: Called Strike
0-1: Ball
1-1: Hit by Pitch
Batting: RHB José Álvarez 0-0: Ball
1-0: Ball
2-0: Ball
3-0: Called Strike
3-1: Grounds into double play, 6-4-3 (Groundball, 6)
Batting: LHB Min-heui Im 0-0: Ball
1-0: Ball
2-0: Swinging Strike
2-1: Ground out 4-3 (Groundball, 4)
Bottom of the 1st over - 0 run(s), 0 hit(s), 0 error(s), 0 left on base; Champaign 4 - Grafton 0
TOP OF THE 2ND
Champaign Corkscrews batting - Pitching for Grafton Middies : RHP Luis Mata
Batting: RHB Adrián Fierro 0-0: Called Strike
0-1: Ball
1-1: Ball
2-1: Ball
3-1: Foul Ball, location: 2F
3-2: Fly out, F8 (Flyball, 8RM)
Batting: RHB Yoshio Matsuo 0-0: Called Strike
0-1: Foul Ball, location: 2F
0-2: Foul Ball, location: 2F
0-2: Ball
1-2: Strikes out swinging
Batting: RHB Karl Schultz 0-0: Called Strike
0-1: Ground out 4-3 (Groundball, 4M)
Top of the 2nd over - 0 run(s), 0 hit(s), 0 error(s), 0 left on base; Champaign 4 - Grafton 0
BOTTOM OF THE 2ND
Grafton Middies batting - Pitching for Champaign Corkscrews : RHP Adrián Fierro
Batting: RHB Iván Vargas 0-0: Ball
1-0: Called Strike
1-1: Ball
2-1: Ball
3-1: Foul Ball, location: 2F
3-2: Fly out, F3 (Popup, 3S)
Batting: LHB Guillermo Romero 0-0: Ball
1-0: Ball
2-0: Called Strike
2-1: SINGLE (Line Drive, 8RS)
Batting: RHB Wes Bradley 0-0: Called Strike
0-1: Ball
1-1: Called Strike
1-2: Ball
2-2: Ball
3-2: Foul Ball, location: 2F
3-2: Grounds into double play, 6-4-3 (Groundball, 6M)
Bottom of the 2nd over - 0 run(s), 1 hit(s), 0 error(s), 0 left on base; Champaign 4 - Grafton 0
TOP OF THE 3RD
Champaign Corkscrews batting - Pitching for Grafton Middies : RHP Luis Mata
Batting: LHB Tony Dyer 0-0: Called Strike
0-1: Swinging Strike
0-2: Ball
1-2: Ball
2-2: Foul Ball, location: 2F
2-2: Fly out, F5 (Popup, 25F)
Batting: RHB Robbie Roach 0-0: Called Strike
0-1: SINGLE (Line Drive, 4D)
Batting: RHB Jake Collins 0-0: Called Strike
Robbie Roach steals 2nd base
0-1: Ball
1-1: Swinging Strike
1-2: Fly out, F9 (Flyball, 89D)
Runner from 2nd tags up, SAFE at 3rd, no throw
Batting: RHB Taikan Miura 0-0: Ball
1-0: Ball
2-0: Called Strike
2-1: Ball
3-1: Foul Ball, location: 2F
3-2: Foul Ball, location: 2F
3-2: Base on Balls
Batting: RHB Chi-ju Zhang 0-0: Ball
1-0: Called Strike
1-1: Swinging Strike
1-2: Ground out 1-3 (Groundball, 15)
Top of the 3rd over - 0 run(s), 1 hit(s), 0 error(s), 2 left on base; Champaign 4 - Grafton 0
BOTTOM OF THE 3RD
Grafton Middies batting - Pitching for Champaign Corkscrews : RHP Adrián Fierro
Batting: RHB Justin Bingham 0-0: Foul Ball, location: 2F
0-1: Ball
1-1: Ball
2-1: Ball
3-1: Swinging Strike
3-2: Foul Ball, location: 2F
3-2: Strikes out swinging
Batting: RHB Nam-sup Yi 0-0: Ball
1-0: Ball
2-0: Called Strike
2-1: Ball
3-1: Foul Ball, location: 2F
3-2: Fly out, F7 (Flyball, 7LM)
Batting: RHB Luis Mata 0-0: Called Strike
0-1: Ball
1-1: Fly out, F4 (Line Drive, 4)
Bottom of the 3rd over - 0 run(s), 0 hit(s), 0 error(s), 0 left on base; Champaign 4 - Grafton 0
TOP OF THE 4TH
Champaign Corkscrews batting - Pitching for Grafton Middies : RHP Luis Mata
Batting: RHB Paul Houston 0-0: Called Strike
0-1: SINGLE (Line Drive, 4MD)
Batting: RHB Adrián Fierro 0-0: Bunted foul
0-1: Sac Bunt - play at first, batter OUT! 5-4
Paul Houston to second
Batting: RHB Yoshio Matsuo 0-0: Ball
1-0: Ball
2-0: Called Strike
2-1: Foul Ball, location: 2F
2-2: Fly out, F8 (Flyball, 8RXD)
Runner from 2nd tags up, SAFE at 3rd, no throw
Batting: RHB Karl Schultz 0-0: Ball
Wild Pitch!
Paul Houston scores
1-0: Fly out, F6 (Popup, 5DF)
Top of the 4th over - 1 run(s), 1 hit(s), 0 error(s), 0 left on base; Champaign 5 - Grafton 0
BOTTOM OF THE 4TH
Grafton Middies batting - Pitching for Champaign Corkscrews : RHP Adrián Fierro
Batting: RHB Raúl Robles 0-0: Ball
1-0: Called Strike
1-1: Ground out 4-3 (Groundball, 4M)
Batting: RHB José Álvarez 0-0: Ball
1-0: Foul Ball, location: 2F
1-1: Ball
2-1: Foul Ball, location: 2F
2-2: Ball
3-2: Strikes out swinging
Batting: LHB Min-heui Im 0-0: Fly out, F9 (Line Drive, 89D)
Bottom of the 4th over - 0 run(s), 0 hit(s), 0 error(s), 0 left on base; Champaign 5 - Grafton 0
TOP OF THE 5TH
Champaign Corkscrews batting - Pitching for Grafton Middies : RHP Luis Mata
Pitching: RHP Mark Simmons
Batting: LHB Tony Dyer 0-0: Called Strike
0-1: Ball
1-1: Foul Ball, location: 2F
1-2: SINGLE (Flyball, 8LS)
Batting: RHB Robbie Roach 0-0: Ball
1-0: Ball
2-0: Grounds into double play, 1-6-3 (Groundball, 25)
Batting: RHB Jake Collins 0-0: Ball
1-0: Ball
2-0: Called Strike
2-1: Ball
3-1: Foul Ball, location: 2F
3-2: Base on Balls
Batting: RHB Taikan Miura 0-0: Foul Ball, location: 2F
0-1: Swinging Strike
0-2: Ball
1-2: Foul Ball, location: 2F
1-2: Ball
2-2: Strikes out looking
Top of the 5th over - 0 run(s), 1 hit(s), 0 error(s), 1 left on base; Champaign 5 - Grafton 0
BOTTOM OF THE 5TH
Grafton Middies batting - Pitching for Champaign Corkscrews : RHP Adrián Fierro
Pitching: RHP Joe Crown
Batting: RHB Iván Vargas 0-0: Ball
1-0: DOUBLE (Groundball, 5L)
Batting: LHB Guillermo Romero 0-0: Called Strike
0-1: Foul Ball, location: 2F
0-2: Strikes out swinging
Batting: RHB Wes Bradley 0-0: Ball
1-0: Foul Ball, location: 2F
1-1: Foul Ball, location: 2F
1-2: Ball
2-2: Ground out 6-3 (Groundball, 6)
Batting: RHB Justin Bingham 0-0: SINGLE (Line Drive, 56D)
Iván Vargas to third
Batting: RHB Nam-sup Yi 0-0: Swinging Strike
0-1: Called Strike
0-2: Ball
1-2: Foul Ball, location: 2F
1-2: Foul Ball, location: 2F
1-2: Ball
2-2: Foul Ball, location: 2F
2-2: Strikes out swinging
Bottom of the 5th over - 0 run(s), 2 hit(s), 0 error(s), 2 left on base; Champaign 5 - Grafton 0
TOP OF THE 6TH
Champaign Corkscrews batting - Pitching for Grafton Middies : RHP Mark Simmons
Batting: RHB Chi-ju Zhang 0-0: Called Strike
0-1: Ground out 5-3 (Groundball, 5S)
Batting: RHB Paul Houston 0-0: Foul Ball, location: 2F
0-1: Ball
1-1: Ball
2-1: Called Strike
2-2: Strikes out looking
Batting: SHB Joe Crown 0-0: Called Strike
0-1: Ball
1-1: Swinging Strike
1-2: Strikes out swinging
Top of the 6th over - 0 run(s), 0 hit(s), 0 error(s), 0 left on base; Champaign 5 - Grafton 0
BOTTOM OF THE 6TH
Grafton Middies batting - Pitching for Champaign Corkscrews : RHP Joe Crown
Batting: RHB Mark Simmons 0-0: Foul Ball, location: 2F
0-1: Ball
1-1: Ball
2-1: Called Strike
2-2: Strikes out looking
Batting: RHB Raúl Robles 0-0: Called Strike
0-1: Swinging Strike
0-2: Ball
1-2: Strikes out looking
Batting: RHB José Álvarez 0-0: Ball
1-0: Ground out 4-3 (Groundball, 4)
Bottom of the 6th over - 0 run(s), 0 hit(s), 0 error(s), 0 left on base; Champaign 5 - Grafton 0
TOP OF THE 7TH
Champaign Corkscrews batting - Pitching for Grafton Middies : RHP Mark Simmons
Pinch Hitting: RHB Luis Mendoza 0-0: Called Strike
0-1: Ball
1-1: Ball
2-1: Ball
3-1: Base on Balls
Pinch Hitting: RHB Andrés Rodríguez 0-0: Ball
1-0: Bunted foul
1-1: Ball
Luis Mendoza steals 2nd base
2-1: Sac Bunt - play at first, batter OUT! 1-4
Luis Mendoza to third
Pinch Hitting: RHB Keith Best 0-0: Called Strike
0-1: Ball
1-1: Swinging Strike
1-2: Strikes out swinging
Pinch Hitting: RHB Cliff May 0-0: Ball
1-0: Fly out, F8 (Flyball, 8LM)
Top of the 7th over - 0 run(s), 0 hit(s), 0 error(s), 1 left on base; Champaign 5 - Grafton 0
BOTTOM OF THE 7TH
Grafton Middies batting - Pitching for Champaign Corkscrews : RHP Joe Crown
Now at 3B: Cliff May
Now at SS: Andrés Rodríguez
Now in LF: Luis Mendoza
Now in RF: Keith Best
Batting: LHB Min-heui Im 0-0: Foul Ball, location: 2F
0-1: Swinging Strike
0-2: Ball
1-2: Ball
2-2: Ball
3-2: Fly out, F8 (Flyball, 8RD)
Batting: RHB Iván Vargas 0-0: Ball
1-0: Ball
2-0: Called Strike
2-1: Ball
3-1: Foul Ball, location: 2F
3-2: Fly out, F9 (Flyball, 9D)
Batting: LHB Guillermo Romero 0-0: Ball
1-0: Ball
2-0: SINGLE (Line Drive, 34)
Batting: RHB Wes Bradley 0-0: Ball
1-0: Fly out, F7 (Flyball, 7M)
Bottom of the 7th over - 0 run(s), 1 hit(s), 0 error(s), 1 left on base; Champaign 5 - Grafton 0
TOP OF THE 8TH
Champaign Corkscrews batting - Pitching for Grafton Middies : RHP Mark Simmons
Batting: RHB Jake Collins 0-0: Called Strike
0-1: Called Strike
0-2: Foul Ball, location: 2F
0-2: Ball
1-2: Ball
2-2: Strikes out looking
Pinch Hitting: RHB António Meléndez 0-0: Swinging Strike
0-1: Ground out 4-3 (Groundball, 4M)
Batting: RHB Chi-ju Zhang 0-0: Ground out 6-3 (Groundball, 6)
Top of the 8th over - 0 run(s), 0 hit(s), 0 error(s), 0 left on base; Champaign 5 - Grafton 0
BOTTOM OF THE 8TH
Grafton Middies batting - Pitching for Champaign Corkscrews : RHP Joe Crown
Pitching: RHP John Cox
Now at C: Roberto Guerrero
Now at 1B: José Rodríguez
Batting: RHB Justin Bingham 0-0: SINGLE (Line Drive, 89M)
Batting: RHB Nam-sup Yi 0-0: Ball
1-0: Foul Ball, location: 2F
1-1: 2-RUN HOME RUN (Flyball, 78XD), Distance : 438 ft
Pinch Hitting: RHB José Peńa 0-0: Foul Ball, location: 2F
0-1: Foul Ball, location: 2F
0-2: Ball
1-2: SINGLE (Line Drive, 9LS)
Pinch Hitting: RHB Curt Phillips 0-0: Ball
1-0: Grounds into double play, 6-4-3 (Groundball, 6)
Pinch Hitting: RHB Brent Barlow 0-0: Ball
1-0: Called Strike
1-1: Foul Ball, location: 2F
1-2: Ball
2-2: Ball
3-2: DOUBLE (Flyball, 78M)
Pinch Hitting: RHB Pedro Orozco 0-0: Ball
1-0: Swinging Strike
1-1: Swinging Strike
1-2: Ball
2-2: Ball
3-2: Foul Ball, location: 2F
3-2: Strikes out swinging
Bottom of the 8th over - 2 run(s), 4 hit(s), 0 error(s), 1 left on base; Champaign 5 - Grafton 2
TOP OF THE 9TH
Champaign Corkscrews batting - Pitching for Grafton Middies : RHP Mark Simmons
Pitching: RHP Darwin von Loen
Now at 1B: Curt Phillips
Now in CF: Pedro Orozco
Now in RF: Brady Ferris
Batting: RHB Paul Houston 0-0: Ball
1-0: SINGLE (Flyball, 8LS)
Batting: SHB John Cox 0-0: Bunted foul
0-1: Sac Bunt - play at first, batter OUT! 4-3
Paul Houston to second
Batting: RHB Luis Mendoza 0-0: Ball
1-0: Foul Ball, location: 2F
1-1: Fly out, F7 (Popup, 56D)
Batting: RHB Andrés Rodríguez 0-0: Fly out, F7 (Flyball, 7LM)
Top of the 9th over - 0 run(s), 1 hit(s), 0 error(s), 1 left on base; Champaign 5 - Grafton 2
BOTTOM OF THE 9TH
Grafton Middies batting - Pitching for Champaign Corkscrews : RHP John Cox
Pitching: RHP Enrique López
Pinch Hitting: RHB Scotty Anderson 0-0: Ball
1-0: Ball
2-0: Reached on error, E6 (Groundball, 56)
Pinch Hitting: RHB Tracy Larson 0-0: Foul Ball, location: 2F
0-1: Foul Ball, location: 2F
0-2: Foul Ball, location: 2F
0-2: Ball
1-2: Ball
2-2: Strikes out swinging
Pinch Hitting: SHB Andrew Baker 0-0: Ball
1-0: Called Strike
1-1: SINGLE (Groundball, 4MD)
Scotty Anderson to second
Pinch Hitting: RHB Dan Yarbrough 0-0: Foul Ball, location: 2F
0-1: Ball
1-1: Swinging Strike
1-2: Foul Ball, location: 2F
1-2: Ball
2-2: Grounds into double play, 5-4-3 (Groundball, 5)
Bottom of the 9th over - 0 run(s), 1 hit(s), 1 error(s), 1 left on base; Champaign 5 - Grafton 2
This league is powered by Out of the Park Baseball, the baseball management simulation game for PC, Mac and Linux
Friday, October 23rd, 2015 - OOTP Baseball 16.9 Build 39